 Dungeon Crawl Stone Soup version 0.30-b1-5-g8e6c1be481 (webtiles) character file.

Game seed: 16501162268446258240

200596 Jase the Sorcerer (level 18, -9/107 HPs)
             Began as a Deep Elf Conjurer on May 4, 2023.
             Was the Champion of Vehumet.
             Mangled by a ghost moth (12 damage)
             ... while paralysed
             ... on level 4 of the Spider Nest on May 5, 2023.
             The game lasted 05:09:23 (45594 turns).

Jase the Sorcerer (Deep Elf Conjurer)              Turns: 45594, Time: 05:09:23

Health: -9/107     AC: 10    Str:  0 (4)  XL:     18   Next: 27%
Magic:  0/54       EV:  2    Int: 35 (40) God:    Vehumet [******]
Gold:   1838       SH:  0    Dex: 13 (15) Spells: 17/60 levels left

rFire   + . .        a - staff of conjuration
rCold   + + .        (no shield)
rNeg    . . .        n - +2 robe {rC+ rF+}
rPois   .            Z - +1 helmet {Int+3}
rElec   +            j - scarf "Netim" {+Inv, rElec Will++ Dex+2}
rCorr   +            K - +0 pair of gloves of Qonuc {rC+ Int+5}
SInv    .            B - +2 pair of boots {Stlth+}
Will    +++++        X - amulet of reflection
Stlth   +++          N - ring "Wimoek" {Will++ rCorr}
HPRegen 0.00/turn    M - ring of magical power
MPRegen 0.34/turn

%: reflection
@: paralysed, inhibited regen, slowed, lost strength, studying Necromancy
A: no striking features
a: Renounce Religion, Evoke Invisibility


You were on level 4 of the Spider Nest.
You worshipped Vehumet.
Vehumet was exalted by your worship.
You visited 6 branches of the dungeon, and saw 30 of its levels.
You also visited: Ossuary, Bailey and Ice Cave.

You collected 3806 gold pieces.
You spent 1968 gold pieces at shops.

Inventory:

Armour
 j - the scarf "Netim" (worn) {+Inv, rElec Will++ Dex+2}
   (You bought it in a shop on level 2 of the Orcish Mines)

   Dex:       It affects your dexterity (+2).
   rElec:     It insulates you from electricity.
   Will:      It greatly increases your willpower.
 n - a +2 robe of resistance (worn)
 B - a +2 pair of boots of stealth (worn)
 K - the +0 pair of gloves of Qonuc (worn) {rC+ Int+5}
   (You bought it in a shop on level 5 of the Dungeon)

   Int:       It affects your intelligence (+5).
   rC:        It protects you from cold.
 Z - a +1 helmet of intelligence (worn)
Magical Staves
 a - a staff of conjuration (weapon)
Jewellery
 g - a ring of ice
 H - the ring of Edalupyr {rPois Str+2 Dex-4 Stlth+}
   (You bought it in a shop on level 5 of the Dungeon)

   [ring of poison resistance]

   Str:       It affects your strength (+2).
   Dex:       It affects your dexterity (-4).
   rPois:     It protects you from poison.
   Stlth:     It makes you more stealthy.
 M - a ring of magical power (right hand)
 N - the ring "Wimoek" (left hand) {Will++ rCorr}
   (You found it on level 2 of the Lair of Beasts)

   [ring of resist corrosion]

   rCorr:     It protects you from acid and corrosion.
   Will:      It greatly increases your willpower.
 P - a ring of positive energy
 Q - a ring of flight
 U - a ring of fire
 X - an amulet of reflection (around neck)
 Y - the ring of the Tempest {Drain rPois rF+ Str+3 Int+2}
   (You found it on level 1 of the Shoals)

   [ring of poison resistance]

   Str:       It affects your strength (+3).
   Int:       It affects your intelligence (+2).
   rF:        It protects you from fire.
   rPois:     It protects you from poison.
   Drain:     It drains your maximum health when unequipped.
Wands
 r - a wand of roots (37)
 G - a wand of acid (34)
 I - a wand of flame (17)
Scrolls
 b - 5 scrolls of magic mapping
 f - 2 scrolls of brand weapon
 h - 6 scrolls of fear
 k - 5 scrolls of enchant weapon
 p - 3 scrolls of silence
 u - 13 scrolls of teleportation
 v - 10 scrolls of fog
 y - 4 scrolls of summoning
 C - 3 scrolls of immolation
 F - 4 scrolls of blinking
 T - 2 scrolls of amnesia
Potions
 e - 15 potions of curing
 i - 8 potions of haste
 l - 5 potions of magic
 m - 6 potions of heal wounds
 o - 6 potions of flight
 q - 9 potions of ambrosia
 s - 10 potions of brilliance
 t - 2 potions of cancellation
 w - a potion of berserk rage
 x - 5 potions of might
 z - 10 potions of lignification
 A - 3 potions of mutation
 D - 2 potions of resistance
 E - a potion of invisibility
Miscellaneous
 R - a phial of floods
 V - a lightning rod (2/4)


   Skills:
 - Level 10.0 Fighting
 + Level 14.2 Dodging
 - Level 2.4 Stealth
 + Level 21.7 Spellcasting
 + Level 19.1 Conjurations
 - Level 5.0 Hexes
 - Level 8.0 Summonings
 - Level 4.0 Translocations
 + Level 10.6 Fire Magic
 + Level 9.4 Air Magic
 - Level 9.0 Evocations


You had 17 spell levels left.
You knew the following spells:

 Your Spells              Type           Power      Damage    Failure   Level
a - Magic Dart            Conj           100%       1d8       0%          1
b - Searing Ray           Conj           100%       2d8       0%          2
c - Iskenderun's Mystic   Conj/Tloc      100%       2d19      1%          4
e - Orb of Destruction    Conj           65%        9d15      1%          7
f - Fireball              Conj/Fire      59%        3d23      1%          5
g - Spellforged Servitor  Conj/Summ      57%        N/A       1%          7
h - Starburst             Conj/Fire      59%        6d16      1%          6
i - Plasma Beam           Fire/Air       41%        2x1d60    1%          6
j - Freezing Cloud        Conj/Ice/Air   51%        6-21      1%          5

Your spell library contained the following spells:

 Spells                   Type           Power      Damage    Failure   Level
 Chain Lightning          Conj/Air       59%        3d78      45%         9
 Polar Vortex             Ice            19%        N/A       100%        9
 Shatter                  Erth           19%        3d17*     100%        9
 Shock                    Conj/Air       100%       1d9       0%          1
 Dazzling Flash           Conj/Hex       100%       N/A       0%          3
 Flame Wave               Conj/Fire      100%       2d21      0%          4
 Apportation              Tloc           100%       N/A       1%          1
 Beastly Appendage        Tmut           76%        N/A       1%          1
 Freeze                   Ice            100%       1d10      1%          1
 Necrotise                Necr           100%       1d9       1%          1
 Sandblast                Erth           76%        2d16      1%          1
 Summon Small Mammal      Summ           100%       N/A       1%          1
 Ensorcelled Hibernation  Hex/Ice        100%       N/A       1%          2
 Passwall                 Tmut/Erth      31%        N/A       1%          2
 Wereblood                Tmut           38%        N/A       1%          2
 Call Canine Familiar     Summ           76%        N/A       1%          3
 Frozen Ramparts          Ice            76%        1d12      1%          3
 Hailstorm                Conj/Ice       100%       3d20      1%          3
 Inner Flame              Hex/Fire       75%        N/A       1%          3
 Portal Projectile        Hex/Tloc       100%       N/A       1%          3
 Stone Arrow              Conj/Erth      100%       3d13      1%          3
 Summon Guardian Golem    Hex/Summ       70%        N/A       1%          3
 Swiftness                Air            81%        N/A       1%          3
 Tukima's Dance           Hex            64%        N/A       1%          3
 Airstrike                Air            40%        2d(6-22)  1%          4
 Fulminant Prism          Conj/Hex       55%        3d24      1%          4
 Summon Ice Beast         Ice/Summ       60%        N/A       1%          4
 Summon Forest            Summ/Tloc      34%        N/A       1%          5
 Spider Form              Tmut/Pois      38%        N/A       2%          3
 Anguish                  Hex/Necr       26%        N/A       2%          4
 Leda's Liquefaction      Hex/Erth       26%        N/A       2%          4
 Yara's Violent Unravell  Hex/Tmut       26%        3d11      2%          5
 Ice Form                 Ice/Tmut       38%        N/A       8%          4
 Alistair's Intoxication  Tmut/Pois      25%        N/A       21%         5
 Blade Hands              Tmut           19%        N/A       21%         5
 Summon Hydra             Summ           38%        N/A       24%         7
 Eringya's Noxious Bog    Tmut/Pois      19%        N/A       28%         6
 Fire Storm               Conj/Fire      59%        8d15      38%         9
 Enfeeble                 Hex            32%        N/A       63%         7
 Simulacrum               Ice/Necr       19%        N/A       75%         6


Dungeon Overview and Level Annotations

Branches:
Dungeon (15/15)            Temple (1/1) D:4            Lair (5/5) D:11
 Shoals (3/4) Lair:3       Spider (4/4) Lair:2        Slime (0/5) Lair:4
    Orc (2/2) D:11            Elf (0/3) Orc:2        Vaults (0/5) D:14
 Depths (0/4) D:15        Ossuary (visited)          Bailey (visited)
  IceCv (visited)

Altars:
Ashenzari
Cheibriados
Dithmenos
Elyvilon
Fedhas
Gozag
Hepliaklqana
Kikubaaqudgha
Makhleb
Nemelex Xobeh
Okawaru
Qazlal
Ru
Sif Muna
Trog
Uskayaw
Vehumet
Wu Jian
Xom
Yredelemnul
Zin
The Shining One
Jiyva

Shops:
D:2 !   D:5 *=?   D:14 =   Orc:1 !   Orc:2 ?[*(:

Portals:
Trove: D:15 (give +3 storm dragon scales)

Annotations:
D:4 12 exclusions
D:13 3 runed translucent doors, 3 exclusions, Jorgrun; Mallanif's ghost, journeyman GnTm
D:15 Trove +3 storm dragon scales
Orc:1 2 transporters, viagra's ghost, journeyman MiBe


Message History

Something stings you but does no damage.
Unknown command.
Casting: Plasma Beam (dangerous; 1% risk of failure)
Confirm with . or Enter, or press ? or * to list all spells.
Okay, then.
Okay, then.
Okay, then.
Okay, then.
Aiming: Thunderbolt
Press: ? - help, Shift-Dir - straight line The thunderbolt hits something!!
Something hits you!
* * * LOW HITPOINT WARNING * * *
You feel dopey. Something hits you!
* * * LOW HITPOINT WARNING * * *
Something closely misses you.
Okay, then.
You feel much better. Something hits you.
* * * LOW HITPOINT WARNING * * *
Something closely misses you. Something barely misses you.
Unknown command.
You feel much better.
A redback comes into view.
Something hits you!!
* * * LOW HITPOINT WARNING * * *
You feel clumsy. Something completely misses you. Something stings you.
* * * LOW HITPOINT WARNING * * *
Aiming: Thunderbolt
Press: ? - help, Shift-Dir - straight line The thunderbolt hits something!
You feel you are being watched by something.
You feel your power leaking away. Something hits you!
* * * LOW HITPOINT WARNING * * *
You feel weakened.
You have lost your strength.
Something hits you but does no damage. Something stings you.
* * * LOW HITPOINT WARNING * * *
Something hits you!
You die...

##### ## #...##
#..######### #^..#.
#..^#.#....# #...†.
#.......@.<# ###..#.#
#...#..#{#^# ##.).####
##....^#..#### ##....†##
#...s#^#.^.#.###.....†(##
.......#^.......##...†....
#....#...#.......###.##†..
.....^.##..#.##..# ## ##..
..##..$^...^.^..## ##.
...........#†#..##### ##..


You could see a redback.

Vanquished Creatures
  Bai Suzhen (Spider:3)
  Arachne (Spider:2)
  A lich (IceCv)
  Mlioglotl (Shoals:1)
  A titan (Shoals:1)
  A kraken (Shoals:3)
  Gastronok (Lair:3)
  Kirke (D:14)
  3 emperor scorpions (Spider:4)
  A frost giant (Shoals:1)
  A ghost moth (Spider:2)
  The ghost of Kranky the Warrior, a journeyman MiBe of Trog (D:12)
  A stone giant (Shoals:1)
  5 broodmothers
  A spark wasp (Spider:4)
  Snorg (D:14)
  4 entropy weavers
  2 merfolk impalers
  2 vault guards (Bailey)
  13 hydras
  4 radroaches
  2 jorogumos
  A catoblepas (Lair:5)
  4 centaur warriors
  2 ogre magi
  A merfolk avatar (Shoals:1)
  2 alligator snapping turtles (Shoals:2)
  A satyr (Shoals:3)
  5 death yaks
  5 boulder beetles
  10 two-headed ogres
  Urug (Lair:3)
  6 skeletal warriors
  3 skysharks
  2 sun moths
  5 sea snakes
  3 pharaoh ants
  13 orb spiders
  2 bog bodies (IceCv)
  An obsidian statue (IceCv)
  2 wizards (D:15)
  A lindwurm (Lair:4)
  A spriggan simulacrum (IceCv)
  8 steelbarb worms
  Pikel (D:5)
  2 necromancers
  2 orc knights
  3 orc sorcerers
  5 deep elf pyromancers
  3 harpies (Shoals:1)
  An oklob plant (Lair:1)
  8 ugly things
  21 wolf spiders
  8 manticores
  4 moths of wrath
  10 merfolk sirens
  13 fauns
  2 centaur zombies (D:15)
  3 cyclopes
  10 black mambas
  3 water nymphs (Shoals:1)
  6 elephants (Lair:2)
  Joseph (D:10)
  A guardian serpent (shapeshifter) (D:14)
  8 torpor snails
  A gargoyle (D:11)
  6 centaur skeletons
  8 demonic crawlers
  13 cane toads
  A kobold demonologist (D:14)
  3 rime drakes
  An anaconda simulacrum (IceCv)
  13 komodo dragons
  An ice devil (IceCv)
  7 yaktaurs
  2 golden dragon simulacra (IceCv)
  16 freezing wraiths (IceCv)
  3 meliai (Spider:3)
  3 wind drakes (Shoals:1)
  20 tarantellas
  23 merfolk
  4 hornets (Lair:5)
  8 trolls
  9 polar bears
  10 snapping turtles
  25 blink frogs
  Grinder (D:3)
  Prince Ribbit (D:5)
  10 dream sheep
  5 slime creatures
  28 culicivoras
  3 dire elephant simulacra (IceCv)
  Sigmund (D:6)
  A spriggan (shapeshifter) (D:14)
  12 spriggans (Lair:5)
  50 yaks
  34 jumping spiders
  A vampire (D:13)
  5 wyverns
  2 water elementals
  4 basilisks
  4 wraiths
  3 humans (Bailey)
  A fire elemental (D:12)
  3 hogs (D:14)
  Eustachio (D:5)
  A steam dragon (D:8)
  4 unseen horror simulacra (D:9)
  3 vampire mosquitoes (D:10)
  63 redbacks
  3 wargs
  3 harpy simulacra (IceCv)
  2 acid dragons (D:12)
  A hydra simulacrum (IceCv)
  11 water moccasins
  4 black bears
  26 orc warriors
  A meliai simulacrum (D:15)
  3 ettin simulacra (IceCv)
  2 sky beasts
  3 alligator simulacra (IceCv)
  7 ice beasts
  5 boggarts
  38 wolves
  10 ogres
  5 centaurs
  4 lemures (D:5)
  A phantom (D:6)
  21 bullfrogs
  3 kobold brigands
  Blork the orc (D:6)
  A gnoll sergeant (Orc:1)
  4 scorpions (D:5)
  2 deep troll simulacra (IceCv)
  11 wights
  12 killer bees
  2 lindwurm simulacra (IceCv)
  3 howler monkeys (D:12)
  8 electric eels
  6 jellies
  15 orc priests
  A wyvern simulacrum (D:9)
  Crazy Yiuf (D:6)
  2 gnoll boudas
  A hound (D:4)
  3 iguanas
  Jessica (D:3)
  16 orc wizards
  3 sleepcaps
  5 hell rats
  A centaur simulacrum (D:9)
  8 mummies (Ossuary)
  A killer bee simulacrum (D:9)
  11 gnolls
  2 adders
  3 shadow imps
  6 white imps
  4 ufetubi
  A worm (D:2)
  4 dart slugs
  61 orcs
  7 ball pythons
  5 endoplasms
  5 giant cockroaches
  14 goblins
  11 hobgoblins
  2 quokkas
  6 bats
  3 frilled lizards
  A gnoll zombie (Ossuary)
  2 hobgoblin zombies (Ossuary)
  18 kobolds
  3 kobold zombies (Ossuary)
  2 orc zombies (Ossuary)
  7 rats
  A fire vortex (D:12)
  A tentacle (Shoals:3)
1102 creatures vanquished.

Vanquished Creatures (collateral kills)
  Saint Roka (Orc:2)
  An orc high priest (Orc:2)
  2 bog bodies (IceCv)
  2 orc knights (Orc:2)
  A moth of wrath (Spider:4)
  3 freezing wraiths (IceCv)
  A redback (Spider:4)
  A warg (Orc:2)
  A water moccasin (Lair:3)
  An alligator simulacrum (IceCv)
  4 orc warriors (Orc:2)
  2 deep troll simulacra (IceCv)
  3 orc priests (Orc:2)
  2 orc wizards (Orc:2)
  2 orcs (Orc:2)
  A fulminant prism (Orc:2)
28 creatures vanquished.

Vanquished Creatures (others)
  3 humans (D:14)
  An orc wizard (Orc:2)
  73 fulminant prisms
  51 fungi
  259 plants
  3 tentacles (Shoals:3)
390 creatures vanquished.

Grand Total: 1520 creatures vanquished

Notes
Turn   | Place    | Note
-------+----------+-------------------------------------------
     0 | D:1      | Jase the Deep Elf Conjurer began the quest for the Orb.
     0 | D:1      | Reached XP level 1. HP: 10/10 MP: 6/6
   192 | D:1      | Reached XP level 2. HP: 15/15 MP: 2/8
   199 | D:1      | Learned a level 2 spell: Searing Ray
   521 | D:1      | Reached skill level 4 in Spellcasting
   578 | D:1      | Found a faded altar of an unknown god.
   584 | D:1      | Reached skill level 5 in Conjurations
   584 | D:1      | Reached XP level 3. HP: 19/19 MP: 8/10
  1595 | D:2      | Found Qarihuqa's Distillery.
  1603 | D:2      | Bought a potion of curing for 42 gold pieces
  1603 | D:2      | Bought a potion of attraction for 42 gold pieces
  1921 | D:2      | Reached XP level 4. HP: 24/24 MP: 10/12
  2425 | D:3      | Reached skill level 1 in Fighting
  2544 | D:3      | Noticed Grinder
  2586 | D:3      | Killed Grinder
  2587 | D:3      | Reached skill level 5 in Spellcasting
  2587 | D:3      | Reached XP level 5. HP: 20/30 MP: 5/15
  2587 | D:3      | Reached XP level 6. HP: 23/35 MP: 5/16
  2593 | D:3      | Learned a level 4 spell: Iskenderun's Mystic Blast
  2668 | D:3      | Identified the +10 whip "Tilaem" {venom, Drain rElec rC+
                  | MP+9}
  2750 | D:3      | Found an ancient bone altar of Kikubaaqudgha.
  2762 | D:3      | Found a shadowy altar of Dithmenos.
  2952 | D:3      | Noticed Jessica
  2958 | D:3      | Killed Jessica
  3014 | D:3      | Found a sacrificial altar of Ru.
  3311 | D:3      | Learned a level 4 spell: Fulminant Prism
  3621 | D:4      | Reached skill level 1 in Hexes
  3782 | D:4      | Reached skill level 6 in Spellcasting
  3894 | D:4      | Reached XP level 7. HP: 40/40 MP: 12/18
  3928 | D:4      | Found a staircase to the Ecumenical Temple.
  3935 | D:4      | Reached skill level 1 in Translocations
  3949 | D:4      | Found a sand-covered staircase.
  3958 | Ossuary  | Entered an ossuary
  4713 | D:4      | Found a broken altar of Ashenzari.
  4717 | D:4      | Saw a vision of the Shoals and the Spider Nest.
  4717 | D:4      | Noticed a merfolk
  4717 | D:4      | Noticed a sea snake
  4717 | D:4      | Noticed a jumping spider
  4717 | D:4      | Noticed a culicivora
  4717 | D:4      | Noticed a tarantella
  4717 | D:4      | Noticed a demonic crawler
  4717 | D:4      | Noticed a meliai
  4717 | D:4      | Noticed a jumping spider
  4717 | D:4      | Noticed a death scarab
  4717 | D:4      | Noticed a radroach
  4717 | D:4      | Noticed a pharaoh ant
  4718 | D:4      | Noticed a spark wasp
  4718 | D:4      | Noticed a culicivora
  4718 | D:4      | Noticed a wolf spider
  4718 | D:4      | Noticed a redback
  4719 | D:4      | Noticed a snapping turtle
  4719 | D:4      | Noticed a wolf spider
  4719 | D:4      | Noticed a merfolk impaler
  4720 | D:4      | Noticed a demonic crawler
  4933 | D:5      | Entered Level 5 of the Dungeon
  5104 | D:5      | Reached skill level 7 in Spellcasting
  5104 | D:5      | Reached XP level 8. HP: 46/46 MP: 12/20
  5226 | D:5      | Found a glowing golden altar of the Shining One.
  5296 | Temple   | Entered the Ecumenical Temple
  5409 | Temple   | Became a worshipper of Vehumet
  5440 | D:5      | Noticed Pikel
  5440 | D:5      | Found Udoesidy's Jewellery Emporium.
  5453 | D:5      | Killed Pikel
  5633 | D:5      | Noticed Prince Ribbit
  5640 | D:5      | Killed Prince Ribbit
  5641 | D:5      | Reached skill level 5 in Hexes
  5789 | D:5      | Reached skill level 8 in Spellcasting
  5855 | D:5      | Found Lauteuka's Magic Scroll Emporium.
  5918 | D:5      | Bought a scroll of identify for 30 gold pieces
  5918 | D:5      | Bought a scroll of identify for 30 gold pieces
  5920 | D:5      | Bought a scroll of fog for 60 gold pieces
  5920 | D:5      | Bought a scroll of magic mapping for 112 gold pieces
  6002 | D:5      | Found Jockour's Assorted Antiques.
  6076 | D:5      | Noticed Eustachio
  6084 | D:5      | Killed Eustachio
  6085 | D:5      | Reached XP level 9. HP: 52/52 MP: 13/23
  6353 | D:6      | Noticed Sigmund
  6403 | D:6      | Noticed Blork the orc
  6829 | D:5      | Bought a pair of jewelled gloves for 323 gold pieces
  6829 | D:5      | Identified the +0 pair of gloves of Qonuc {rC+ Int+5} (You
                  | bought it in a shop on level 5 of the Dungeon)
  6861 | D:6      | Killed Sigmund
  6862 | D:6      | Reached skill level 9 in Spellcasting
  6992 | D:6      | Killed Blork the orc
  6993 | D:6      | Reached skill level 5 in Fighting
  7277 | D:6      | Found a runed translucent door.
  7278 | D:6      | Noticed Crazy Yiuf
  7284 | D:6      | Killed Crazy Yiuf
  8045 | D:8      | Reached * piety under Vehumet
  8045 | D:8      | Offered knowledge of Foxfire by Vehumet.
  8046 | D:8      | Reached skill level 10 in Spellcasting
  8180 | D:8      | Found a stormy altar of Qazlal.
  8244 | D:8      | Found a hazy altar of Hepliaklqana.
  8645 | D:5      | Bought a faintly humming leather armour for 238 gold pieces
  8645 | D:5      | Identified the +0 leather armour of Happiness {Str+3} (You
                  | bought it in a shop on level 5 of the Dungeon)
  8719 | D:8      | Reached XP level 10. HP: 51/60 MP: 16/26
  9239 | D:9      | Reached skill level 10 in Conjurations
  9378 | D:9      | Reached skill level 5 in Dodging
 10049 | D:9      | Reached skill level 11 in Spellcasting
 10234 | D:9      | Noticed a death yak
 10261 | D:9      | Killed a death yak
 10370 | D:9      | Reached ** piety under Vehumet
 10370 | D:9      | Offered knowledge of Scorch by Vehumet.
 10554 | D:9      | Found a sparkling altar of Nemelex Xobeh.
 10705 | D:9      | Learned a level 7 spell: Orb of Destruction
 11040 | D:9      | Reached skill level 12 in Spellcasting
 11230 | D:10     | Entered Level 10 of the Dungeon
 11263 | D:10     | Noticed Joseph
 11264 | D:10     | Found a flagged portal.
 11277 | D:10     | Killed Joseph
 11278 | D:10     | Reached XP level 11. HP: 51/64 MP: 20/29
 11376 | Bailey   | Entered a bailey
 11572 | Bailey   | Offered knowledge of Volatile Blastmotes by Vehumet.
 11651 | Bailey   | Noticed a vault guard
 11660 | Bailey   | Killed a vault guard
 11746 | Bailey   | Noticed a vault guard
 11767 | Bailey   | Killed a vault guard
 12262 | D:10     | Reached *** piety under Vehumet
 12267 | D:10     | Reached skill level 13 in Spellcasting
 12631 | D:10     | Noticed a two-headed ogre
 12634 | D:10     | Killed a two-headed ogre
 13027 | D:11     | Noticed a two-headed ogre
 13030 | D:11     | Killed a two-headed ogre
 13030 | D:11     | Offered knowledge of Flame Wave by Vehumet.
 13046 | D:10     | Learned a level 4 spell: Flame Wave
 13206 | D:11     | Noticed a two-headed ogre
 13210 | D:11     | Killed a two-headed ogre
 13309 | D:11     | Reached skill level 10 in Dodging
 13381 | D:11     | Reached skill level 14 in Spellcasting
 13408 | D:11     | Reached skill level 1 in Summonings
 13421 | D:11     | Reached XP level 12. HP: 60/70 MP: 11/32
 13851 | D:11     | Found a staircase to the Lair.
 13918 | D:11     | Found a staircase to the Orcish Mines.
 14132 | D:11     | Reached **** piety under Vehumet
 14679 | Lair:1   | Entered Level 1 of the Lair of Beasts
 14966 | Lair:1   | Noticed a five-headed hydra
 14969 | Lair:1   | Killed a five-headed hydra
 15190 | Lair:1   | Offered knowledge of Arcjolt by Vehumet.
 15654 | Lair:1   | Found a blossoming altar of Fedhas.
 15660 | Lair:1   | Reached skill level 15 in Spellcasting
 16019 | Lair:1   | Reached skill level 5 in Summonings
 16497 | Lair:2   | Reached XP level 13. HP: 74/74 MP: 32/34
 16613 | Lair:2   | Reached ***** piety under Vehumet
 16766 | Lair:2   | Offered knowledge of Lee's Rapid Deconstruction by Vehumet.
 17178 | Lair:2   | Reached skill level 16 in Spellcasting
 17264 | Lair:2   | Learned a level 7 spell: Spellforged Servitor
 17579 | Lair:2   | Found a hole to the Spider Nest.
 18549 | Lair:2   | Identified the ring "Wimoek" {Will++ rCorr}
 18888 | Lair:3   | Noticed Urug
 18905 | Lair:3   | Killed Urug
 19334 | Lair:3   | Found a staircase to the Shoals.
 19398 | Lair:3   | Noticed Gastronok
 19781 | Lair:3   | Killed Gastronok
 19782 | Lair:3   | Reached skill level 15 in Conjurations
 19965 | Lair:3   | You fall into a shaft and drop 2 floors!
 19965 | Lair:5   | Entered Level 5 of the Lair of Beasts
 20134 | Lair:5   | Reached skill level 17 in Spellcasting
 20527 | Lair:4   | Reached XP level 14. HP: 25/82 MP: 33/37
 20973 | Lair:4   | Identified a scroll of acquirement
 20974 | Lair:4   | Found a staircase to the Slime Pits.
 20985 | Lair:4   | Acquired the Vellum of Curses and Heat
 20993 | Lair:4   | Learned a level 5 spell: Fireball
 21183 | Lair:4   | Offered knowledge of Plasma Beam by Vehumet.
 21192 | Lair:4   | Learned a level 6 spell: Plasma Beam
 21228 | Lair:4   | Found a viscous altar of Jiyva.
 21236 | Lair:4   | Reached skill level 1 in Fire Magic
 21588 | Lair:4   | Reached skill level 1 in Air Magic
 23775 | Orc:1    | Entered Level 1 of the Orcish Mines
 23799 | Orc:1    | Offered knowledge of Irradiate by Vehumet.
 23989 | Orc:1    | Learned a level 6 spell: Starburst
 24022 | Orc:1    | Found a transporter.
 24022 | Orc:1    | Noticed viagra's ghost (journeyman MiBe)
 24042 | Orc:1    | Found Afoenn's Distillery.
 24317 | Orc:1    | Found a transporter.
 24610 | Orc:1    | Reached skill level 18 in Spellcasting
 24690 | Orc:2    | Entered Level 2 of the Orcish Mines
 24976 | Orc:2    | Reached skill level 1 in Evocations
 24999 | Orc:2    | Noticed Saint Roka
 25185 | Orc:2    | Killed Saint Roka
 25597 | Orc:2    | Found Agenge's General Store.
 25602 | Orc:2    | Found Gegohome's Book Emporium.
 25604 | Orc:2    | Found a staircase to the Elven Halls.
 25608 | Orc:2    | Found Izusha's Antique Weapon Emporium.
 25610 | Orc:2    | Found Gunwar's Antique Armour Emporium.
 25753 | Orc:2    | Bought a scroll of identify for 22 gold pieces
 25772 | Orc:2    | Bought a distressingly furry leather armour for 210 gold
                  | pieces
 25772 | Orc:2    | Identified the +0 leather armour "Ugik" {-Cast Rampage
                  | rCorr} (You bought it in a shop on level 2 of the Orcish
                  | Mines)
 25773 | Orc:2    | Bought a crude scarf for 300 gold pieces
 25773 | Orc:2    | Identified the scarf "Netim" {+Inv, rElec Will++ Dex+2}
                  | (You bought it in a shop on level 2 of the Orcish Mines)
 25813 | Orc:2    | Reached skill level 5 in Fire Magic
 26307 | Orc:2    | Found Suwuvot's Magic Scroll Shop.
 26674 | D:5      | Bought the ring of Edalupyr {rPois Str+2 Dex-4 Stlth+} for
                  | 332 gold pieces
 26878 | Spider:1 | Entered Level 1 of the Spider Nest
 26888 | Spider:1 | Reached XP level 15. HP: 88/88 MP: 36/39
 26901 | Spider:1 | Offered knowledge of Freezing Cloud by Vehumet.
 27229 | Spider:1 | Reached skill level 5 in Air Magic
 28615 | Spider:2 | Reached skill level 5 in Evocations
 28636 | Spider:2 | Noticed Arachne
 28767 | Spider:2 | Learned a level 5 spell: Freezing Cloud
 28836 | Spider:2 | Killed Arachne
 29323 | Spider:3 | Noticed Bai Suzhen
 29331 | Spider:3 | Killed Bai Suzhen
 29332 | Spider:3 | Reached skill level 19 in Spellcasting
 29607 | Spider:3 | Offered knowledge of Conjure Ball Lightning by Vehumet.
 29819 | Spider:3 | Reached XP level 16. HP: 93/93 MP: 30/41
 32127 | D:5      | Bought a ring of flight for 227 gold pieces
 32346 | Shoals:1 | Entered Level 1 of the Shoals
 32508 | Shoals:1 | Noticed Mlioglotl
 32519 | Shoals:1 | Killed Mlioglotl
 33882 | Shoals:1 | Offered knowledge of Iron Shot by Vehumet.
 34595 | Shoals:1 | Noticed a titan
 34612 | Shoals:1 | Killed a titan
 34840 | Shoals:1 | Identified the ring of the Tempest {Drain rPois rF+ Str+3
                  | Int+2}
 34903 | Shoals:2 | Found a frozen archway.
 34961 | IceCv    | Entered an ice cave
 35265 | IceCv    | Reached skill level 20 in Spellcasting
 35762 | IceCv    | Found an ancient bone altar of Kikubaaqudgha.
 35941 | IceCv    | Noticed a lich
 35945 | IceCv    | Killed a lich
 36140 | IceCv    | Identified the +4 short sword "Utotops" {heavy, rC+ Str+3
                  | Int-5 Dex+3}
 36441 | Shoals:2 | Found the ring of the Tortoise {AC+8}
 36682 | Shoals:2 | Reached XP level 17. HP: 97/97 MP: 39/43
 37478 | Shoals:3 | Reached ****** piety under Vehumet
 37711 | Shoals:3 | Identified the +1 rapier of the Fray {drain, rElec rCorr
                  | MP+9 Dex+3}
 37937 | Shoals:3 | Offered knowledge of Ignition by Vehumet.
 38569 | Shoals:3 | Noticed a kraken
 38573 | Shoals:3 | Killed a kraken
 39446 | D:12     | Found a runed translucent gate.
 39446 | D:12     | Found a runed translucent gate.
 39446 | D:12     | Found a runed translucent gate.
 39450 | D:12     | Noticed Kranky's ghost (journeyman MiBe)
 39748 | D:12     | Killed Kranky's ghost
 40280 | D:13     | Found a runed translucent gate.
 40280 | D:13     | Found a runed translucent gate.
 40280 | D:13     | Found a runed translucent gate.
 40294 | D:13     | Noticed Jorgrun
 40639 | D:13     | Noticed Mallanif's ghost (journeyman GnTm)
 40668 | D:14     | Found Hoocasuf's Jewellery Shop.
 40692 | D:14     | Found a shadowy altar of Dithmenos.
 40728 | D:14     | Noticed Kirke
 40728 | D:14     | Noticed Snorg
 40731 | D:14     | Killed Kirke
 40737 | D:14     | Killed Snorg
 41044 | D:14     | Reached skill level 21 in Spellcasting
 42141 | D:14     | Found a gate to the Vaults.
 42245 | D:15     | Entered Level 15 of the Dungeon
 42794 | D:15     | Found a staircase to the Depths.
 42963 | D:15     | Reached skill level 10 in Fire Magic
 43107 | D:15     | Offered knowledge of Shatter by Vehumet.
 43107 | D:15     | Offered knowledge of Chain Lightning by Vehumet.
 43107 | D:15     | Offered knowledge of Polar Vortex by Vehumet.
 43157 | D:15     | Found a hazy altar of Hepliaklqana.
 43652 | D:15     | Found a portal to a secret trove of treasure.
 44435 | Spider:4 | Entered Level 4 of the Spider Nest
 44614 | Spider:4 | Reached XP level 18. HP: 107/107 MP: 34/45
 45062 | Spider:4 | Reached skill level 10 in Fighting
 45590 | Spider:4 | HP: 2/107 [something (10)]
 45593 | Spider:4 | Lost strength.
 45594 | Spider:4 | Mangled by a ghost moth

Illustrated notes

Levels and vault maps discovered:
D:1:      lightli_arrival_farm, layout_loops_ring,
          hellmonk_ecumenical_altar_arch_garden, minmay_heptomino_o4
D:2:      layout_loops_corners, serial_shops, shop
D:3:      layout_loops_ring, nicolae_ru_sacrificial_ziggurat,
          amethyst_overflow_temple_binary, dreamdust_princess_corridor,
          uniq_jessica, uniq_grinder
D:4:      layout_cave_pods, grunt_ashenzari_visionary
          [grunt_ashenzari_visionary_shoals, grunt_ashenzari_visionary_spider],
          minmay_temple_entry_junction, nicolae_ossuary_entry_monument
D:5:      layout_basic, mainiacjoe_overflow_24_doors, serial_shops,
          shop_fountains, shop, shop, uniq_pikel, uniq_eustachio,
          uniq_prince_ribbit1
D:6:      layout_rooms, uniq_blork_the_orc, uniq_sigmund,
          uniq_crazy_yiuf_cottage
D:7:      layout_rooms
D:8:      layout_cave_pods, grunt_temple_overflow_open,
          hangedman_abyss_or_decor_lesser_grid, grunt_decor_one_mirror
D:9:      layout_cave_pods, nemelex_xobeh_ov_fountains_minmay, serial_ice,
          serial_ice_a, serial_ice_n, serial_ice_f, serial_ice_o, serial_ice_l,
          serial_ice_d, serial_ice_e, serial_ice_c
D:10:     layout_irregular_city, enter_bailey_5, chequers_arboretum,
          minmay_misc_feat_secret_circle, uniq_joseph
D:11:     layout_loops_ring, hellmonk_lair_entry_icy, orc_0_dummy, special_room
          [special_room_orc]
D:12:     layout_big_octagon, gammafunk_ghost_hydra_chop
D:13:     layout_cave_pods, gammafunk_ghost_necromancy, special_room
          [special_room_orc], uniq_jorgrun
D:14:     wad_river_or_something, layout_loops_cross,
          hangedman_vaults_entry_quadrant_bands,
          nicolae_dithmenos_shadow_blocks, serial_shops, shop, uniq_kirke,
          uniq_snorg
D:15:     grunt_enter_depths_magical_seal, layout_loops_ring, enter_trove_6,
          nicolae_hepliaklqana_hippocampus
Temple:   compressed_dpeg_circular_temple
Lair:1:   layout_misc_corridors, tgw_fedhas, grunt_megastairs_5
Lair:2:   nzn_winding_woodlands_large [nzn_winding_woodlands_5x5_perimeter,
          nzn_winding_woodlands_5x15_crooked, nzn_winding_woodlands_5x5_three,
          nzn_winding_woodlands_center_triple_pond,
          nzn_winding_woodlands_15x15_thick_spiral,
          nzn_winding_woodlands_center_garden,
          nzn_winding_woodlands_5x5_open_star,
          nzn_winding_woodlands_5x15_lazy_stream,
          nzn_winding_woodlands_hourglass], layout_chaotic_city,
          spider_nest_entry_rubble
Lair:3:   layout_regular_city, elwin_shoals_entry_stream, uniq_urug,
          uniq_gastronok
Lair:4:   layout_hall_layers, nicolae_slime_entry_field_trip,
          cheibrodos_lair_caveside_slide, serial_bayou_lake_a,
          grunt_megastairs_3, infiniplex_staircase_pool
Lair:5:   minmay_lair_end_enchanted_forest, layout_concentric_octagons,
          grunt_forest_large_clearing_hut
Shoals:1: cheibrodos_shoals_gigantism, layout_shoals, uniq_mlioglotl
Shoals:2: layout_shoals, portal_ice_cave_entry_pillars_four
Shoals:3: layout_shoals
Spider:1: layout_spider_delve, drop_trap
Spider:2: nicolae_spider_hilbert_zone_6 [nicolae_spider_hilbert_4_sides_1_open,
          nicolae_spider_hilbert_4_sides_1_open,
          nicolae_spider_hilbert_4_sides_1_open,
          nicolae_spider_hilbert_4_sides_1_open,
          nicolae_spider_hilbert_4_sides_1_open,
          nicolae_spider_hilbert_4_sides_1_open,
          nicolae_spider_hilbert_4_sides_1_open], uniq_arachne
Spider:3: layout_spider_delve, uniq_bai_suzhen
Spider:4: grunt_spider_rune_circles, drop_trap
Orc:1:    layout_caves, gammafunk_ghost_arena, serial_shops, shop
Orc:2:    grunt_orc_cross, layout_diamond_mine, serial_shops, shop

Skill      XL: |  1  2  3  4  5  6  7  8  9 10 11 12 13 14 15 16 17 18 |
---------------+-------------------------------------------------------+-----
Spellcasting   | 4 5 6 7 8 10 12 14 15 17 18 19 20 21 | 21.7
Conjurations   | 5 6 7 8 9 11 12 13 15 16 17 18 19 | 19.1
Fighting       | 2 3 4 5 6 7 8 9 10 | 10.0
Hexes          | 2 3 5 |  5.0
Translocations | 2 4 |  4.0
Dodging        | 4 7 10 11 12 13 14 | 14.2
Summonings     | 1 5 7 8 |  8.0
Fire Magic     | 5 7 9 10 | 10.6
Air Magic      | 4 6 8 9 |  9.4
Evocations     | 2 5 8 9 |  9.0
Stealth        | |  2.4

Action                     |  1- 3 |  4- 6 |  7- 9 | 10-12 | 13-15 | 16-18 || total
---------------------------+-------+-------+-------+-------+-------+-------++-------
  Melee: Staff             |       |       |       |    60 |    12 |    86 ||   158
         Punch             |       |       |       |     2 |       |       ||     2
   Cast: Magic Dart        |    86 |    66 |   104 |   144 |   127 |    47 ||   574
         Searing Ray       |     1 |     6 |    40 |   107 |   204 |    61 ||   419
         Fulminant Prism   |       |       |    15 |    46 |    13 |       ||    74
         Iskenderun's Myst |       |       |     6 |    71 |   176 |   104 ||   357
         Orb of Destructio |       |       |       |    24 |    57 |    97 ||   178
         Flame Wave        |       |       |       |     2 |    10 |       ||    12
         Spellforged Servi |       |       |       |       |    11 |     5 ||    16
         Fireball          |       |       |       |       |    32 |    93 ||   125
         Plasma Beam       |       |       |       |       |    23 |   108 ||   131
         Starburst         |       |       |       |       |    14 |    17 ||    31
         Freezing Cloud    |       |       |       |       |     1 |    15 ||    16
  Evoke: Lightning rod     |       |       |       |       |       |     4 ||     4
    Use: Scroll            |       |       |    11 |     6 |    15 |     1 ||    33
         Potion            |       |       |       |     2 |       |     7 ||     9
   Stab: Sleeping          |       |       |       |       |       |     4 ||     4
         Distracted        |       |       |       |       |       |     1 ||     1
 Armour: Robe              |     2 |     1 |     3 |    25 |    56 |    51 ||   138
  Dodge: Dodged            |     5 |     1 |    11 |    89 |   154 |   130 ||   390
  Block: Other             |       |       |       |     3 |    50 |    33 ||    86
         Reflection        |       |       |       |       |     3 |     7 ||    10
